AoeStats
← Tavik

Nomad

509743937Analyzed
2v2 RM · 3d ago on Sep 27, 2026· 68m 16s· 4 players
Game mode
Random Map
Map size
176×176
Population
200
Speed
Normal
Resources
Standard
Victory
Conquest
Starting age
Dark Age
Ending age
Imperial Age
RankedLock teamsTeams togetherTeam positionsShared explorationLock speedFull tech treeHidden civsTurbo modeCheats
Victory
Defeat
🇵🇪 Vietnamese · Peru
1407
+12
🇵🇪 Spanish · Peru
1362
+14
🇨🇿 Dravidians · Czechia
1321
-13
🇨🇿 Persians · Czechia
1315
-13
[JRH]LOS PUNTOS
5:06 Loom
13:23 Feudal Age
16:58 Castle Age
16:11 Fletching
24:00 Padded Archer Armor
28:15 Leather Archer Armor
36:47 Bodkin Arrow
42:45 Imperial Age
40:15 Gold Mining
42:32 Double-Bit Axe
44:10 Scale Barding Armor
43:39 Cavalier
44:32 Bloodlines
45:11 Horse Collar
46:38 Chain Barding Armor
49:26 Plate Barding Armor
51:24 Forging
52:09 Husbandry
59:52 Iron Casting
61:35 Blast Furnace
60:18 Light Cavalry
68:43 Wheelbarrow
[JRH]0z3l0t
13:32 Feudal Age
11:49 Loom
14:05 Double-Bit Axe
16:41 Town Watch
19:54 Castle Age
19:22 Fletching
21:25 Bow Saw
21:11 Bodkin Arrow
26:08 Padded Archer Armor
30:29 Light Cavalry
31:19 Bloodlines
31:09 Husbandry
32:07 Elite Skirmisher
32:52 Thumb Ring
32:55 Scale Barding Armor
34:11 Chain Barding Armor
39:24 Forging
41:11 Wheelbarrow
41:44 Leather Archer Armor
46:40 Imperial Age
46:54 Imperial Skirmisher
47:39 Bracer
47:06 Capped Ram
49:43 Ring Archer Armor
50:37 Elite Battle Elephant
52:15 Plate Barding Armor
52:36 Ballistics
54:12 Iron Casting
56:30 Murder Holes
57:36 Chemistry
60:22 Chatras
61:09 Scale Mail Armor
61:55 Masonry
Tavik
4:36 Loom
12:39 Feudal Age
18:02 Castle Age
16:17 Fletching
18:46 Bodkin Arrow
19:04 Medium Warships
19:06 Double-Bit Axe
21:14 Bow Saw
21:57 Wheelbarrow
21:08 Town Watch
22:09 Padded Archer Armor
21:33 Elite Skirmisher
23:58 Ballistics
35:45 Pikeman
36:25 Squires
53:18 Horse Collar
60:47 Imperial Age
59:29 Thumb Ring
66:15 Bracer
Melioth
5:00 Loom
14:05 Feudal Age
18:27 Castle Age
16:53 Horse Collar
17:03 Double-Bit Axe
21:14 Fletching
23:25 Padded Archer Armor
25:17 Gold Mining
25:29 Fishing Lines
27:08 Bloodlines
26:58 Husbandry
26:45 Elite Skirmisher
29:20 Gillnets
32:53 Ballistics
33:22 Wheelbarrow
34:59 Scale Barding Armor
35:04 Forging
35:08 Stone Mining
37:22 Bloodlines
37:12 Husbandry
40:41 Imperial Age
41:49 Gold Shaft Mining
41:29 Bodkin Arrow
42:44 Bow Saw
42:50 Thumb Ring
43:17 Hand Cart
46:34 Two-Man Saw
46:07 Chain Barding Armor
47:59 Chemistry
48:09 Plate Barding Armor
49:48 Cavalier
51:23 Iron Casting
51:40 Theocracy
51:26 Block Printing
51:25 Fervor
54:29 Conscription
57:09 Savar
59:28 Light Cavalry
62:46 Blast Furnace
61:09 Hussar
Connection lost

Rejoining the realm…

Still unreachable

The connection could not be restored.

Session expired

The server has moved on; the page needs a fresh start.